 Dungeon Crawl Stone Soup version 0.30.0-3-ga4e48a9924 (webtiles) character file.

Game seed: 1878286733724926748

1704 Cheops the Grappler (level 9, -5/70 HPs)
             Began as a Ghoul Monk on May 7, 2023.
             Slain by a gnoll bouda
             ... wielding a +0 club
              (8 damage)
             ... on level 7 of the Dungeon.
             The game lasted 00:07:27 (5617 turns).

Cheops the Grappler (Ghoul Monk)                    Turns: 5617, Time: 00:07:27

Health: -5/70      AC:  7    Str: 19    XL:     9   Next: 3%
Magic:  8/8        EV: 11    Int:  5    God:
Gold:   287        SH:  0    Dex: 11    Spells: 8/8 levels left

rFire   . .          .
                       - Unarmed
rCold   + . .        c - orb {light}
rNeg    + + +        y - +0 scale mail
rPois   ∞            x - +0 helmet
rElec   .            (no cloak)
rCorr   .            (no gloves)
SInv    .            (no boots)
Will    .....        (no amulet) Stlth
                     (no ring)
HPRegen 0.00/turn    (no ring)
MPRegen 0.11/turn

%: no passive effects
@: weakened, inhibited regen, glowing
A: claws 1, cold resistance 1, negative energy resistance 3, inhibited
regeneration, torment resistance 2, devour on kill
a: no special abilities


You were on level 7 of the Dungeon.
You visited 1 branch of the dungeon, and saw 7 of its levels.

You collected 343 gold pieces.
You spent 56 gold pieces at shops.

Inventory:

Armour
 a - a +0 robe
 c - an orb of light (worn)
 k - a +0 ring mail
 x - a +0 helmet (worn)
 y - a +0 scale mail (worn)
Jewellery
 i - a +6 ring of intelligence
 p - an amulet of faith
Wands
 z - a wand of flame (6)
Scrolls
 d - a scroll of immolation
 m - a scroll of magic mapping
 o - 2 scrolls of blinking {unknown}
 q - 2 scrolls of torment {unknown}
 r - 2 scrolls of noise {unknown}
 s - 3 scrolls of identify {unknown}
 t - 4 scrolls of teleportation {unknown}
Potions
 b - a potion of ambrosia
 e - 2 potions of brilliance {unknown}
 f - a potion of mutation {unknown}
 g - 4 potions of might {unknown}
 h - 2 potions of heal wounds {unknown}
 j - 3 potions of curing
 l - a potion of attraction {unknown}
 u - 3 potions of haste {unknown}
 v - a potion of berserk rage {unknown}
 w - a potion of magic {unknown}


   Skills:
 - Level 3.2 Fighting
 - Level 5.0 Dodging
 * Level 11.6 Unarmed Combat


You had 8 spell levels left.
You didn't know any spells.
Your spell library contained the following spells:

 Spells                   Type           Power      Damage    Failure   Level
 Magic Dart               Conj           0%         1d3       86%         1
 Call Imp                 Summ           0%         N/A       95%         2
 Dazzling Flash           Conj/Hex       0%         N/A       99%         3
 Mephitic Cloud           Conj/Pois/Air  0%         N/A       99%         3
 Ozocubu's Armour         Ice            0%         N/A       99%         3
 Volatile Blastmotes      Fire/Tloc      0%         2d10      99%         3
 Iskenderun's Mystic Bla  Conj/Tloc      0%         2d3       100%        4
 Starburst                Conj/Fire      0%         6d3       100%        6
 Ozocubu's Refrigeration  Ice            0%         4d7       100%        7


Dungeon Overview and Level Annotations

Branches:
Dungeon (7/15)             Temple (0/1) D:7

Altars:
Ashenzari
Gozag
Okawaru
Sif Muna
Yredelemnul

Shops:
D:6 !


Innate Abilities, Weirdness & Mutations

You are immune to poison.
You have sharp fingernails.
Your flesh is cold resistant. (rC+)
You are immune to negative energy. (rN+++)
You do not regenerate when monsters are visible.
You are immune to unholy pain and torment.
You thrive by killing the living.


Message History

The killer bee stings you.
The killer bee closely misses you. x2; The killer bee stings you!
A gnoll bouda and a gnoll come into view.
The gnoll bouda shouts!
The gnoll shouts!
The gnoll bouda gazes fiercely through you!
You feel your attacks grow feeble. The killer bee closely misses you.
You hear a shout!
The killer bee attacks as you move away!
The killer bee stings you but does no damage.
The killer bee stings you.
The gnoll bouda gazes fiercely through you!
You feel as though you will be weak longer.
The killer bee closely misses you. The killer bee barely misses you. x2
The killer bee attacks as you move away!
The killer bee stings you!
* * * LOW HITPOINT WARNING * * *
2 gnolls come into view.
The gnoll shouts!
The gnoll throws a throwing net.
The throwing net closely misses you. The killer bee closely misses you.
You see here a throwing net.
Unknown command.
Unknown command.
As you read the scroll labelled ZAPOYR LABOUPN, it crumbles to dust.
The creatures around you are filled with an inner flame!
It was a scroll of immolation.
A gnoll comes into view. It is wielding a +0 whip.
The killer bee stings you.
* * * LOW HITPOINT WARNING * * *
As you read the scroll labelled ZORECOVVOSS, it crumbles to dust.
You feel aware of your surroundings.
You sensed 2 altars.
It was a scroll of magic mapping.
The gnoll shouts!
The killer bee stings you.
* * * LOW HITPOINT WARNING * * *
The killer bee stings you!
* * * LOW HITPOINT WARNING * * *
The gnoll bouda hits you with a +0 club!
You die...

#.................#....,,,,,***,*
........................,,,,,,,,,
...................[....,,,,,,,,,
.....................g#.*,,,,,,,,
..................g.....,,,,,,,,,
........................,,,,,,,,,
...........†............,,,,,,,,,
..............yyy......g,,,,,,,,,
...............#@g..g...,,,,,,,,,
...............#####.###*,^,,,,,,
...............# *,,,***,,,,,,,,,
........########**,,,,**,,,,,,,,,
,.......,,,,,,,,,,,,,,**,,,,,,,,,
,,,,...,,,,,,,,,,,,,,,,*,,,,,,,,,
,,,,,,,,,,,,,,,,,,,,,*,,,,,,,,,,,
,,,,,,,,,,,,,,,,,,,,,**>,,,,,,,,,
,,,,,,,,,,,,,,,,,,,,****,,,,,,,,,


You could see a gnoll bouda (inner flame), 3 killer bees and 4 gnolls.

Vanquished Creatures
  A hornet (D:6)
  2 water moccasins
  A sky beast (D:4)
  A black bear (D:4)
  An ogre (D:5)
  A phantom (D:5)
  3 centaurs
  A scorpion (D:5)
  2 killer bees (D:7)
  A hound (D:5)
  A jelly (D:5)
  An orc priest (D:6)
  Natasha (twice) (D:4)
  2 scorpion zombies (D:5)
  2 iguanas
  4 orc wizards (D:6)
  6 gnolls
  6 adders
  2 shadow imps (D:6)
  An ufetubus (D:6)
  A worm (D:4)
  2 dart slugs
  15 orcs
  5 ball pythons
  4 bats
  4 endoplasms
  2 giant cockroaches
  6 goblins
  7 hobgoblins
  14 jackals
  5 quokkas
  2 frilled lizards
  4 kobolds
  4 rats
116 creatures vanquished.

Vanquished Creatures (others)
  An adder (D:4)
1 creature vanquished.

Grand Total: 117 creatures vanquished

Notes
Turn   | Place    | Note
-------+----------+-------------------------------------------
     0 | D:1      | Cheops the Ghoul Monk began the quest for the Orb.
     0 | D:1      | Reached XP level 1. HP: 19/19 MP: 0/0
   110 | D:1      | Reached XP level 2. HP: 20/26 MP: 1/1
   111 | D:1      | Reached skill level 4 in Unarmed Combat
   567 | D:1      | Found a faded altar of an unknown god.
  1149 | D:2      | Reached XP level 3. HP: 31/31 MP: 2/2
  1865 | D:3      | Reached skill level 5 in Unarmed Combat
  1882 | D:3      | Found an opulent altar of Gozag.
  1962 | D:2      | Reached XP level 4. HP: 15/38 MP: 3/3
  2454 | D:3      | Reached skill level 6 in Unarmed Combat
  2454 | D:3      | Reached XP level 5. HP: 8/45 MP: 4/4
  2651 | D:4      | Noticed a sky beast
  2679 | D:4      | Killed a sky beast
  2680 | D:4      | Reached skill level 7 in Unarmed Combat
  2789 | D:4      | Noticed a black bear
  2799 | D:4      | Killed a black bear
  2800 | D:4      | Reached XP level 6. HP: 48/51 MP: 5/5
  2939 | D:4      | Found an iron altar of Okawaru.
  3128 | D:4      | Noticed Natasha
  3137 | D:4      | Killed Natasha
  3148 | D:4      | Noticed Natasha
  3158 | D:4      | Killed Natasha
  3159 | D:4      | Reached skill level 8 in Unarmed Combat
  3718 | D:5      | Entered Level 5 of the Dungeon
  3754 | D:5      | Reached XP level 7. HP: 57/57 MP: 6/6
  3970 | D:5      | Reached skill level 9 in Unarmed Combat
  4193 | D:5      | Found a broken altar of Ashenzari.
  4216 | D:5      | Reached XP level 8. HP: 58/63 MP: 7/7
  4407 | D:5      | Found a basalt altar of Yredelemnul.
  4642 | D:6      | Reached skill level 10 in Unarmed Combat
  5009 | D:6      | Found Qivazoak's Distillery.
  5021 | D:6      | Bought a potion of curing for 42 gold pieces
  5021 | D:6      | Bought a potion of degeneration for 14 gold pieces
  5122 | D:6      | Noticed a hornet
  5129 | D:6      | Killed a hornet
  5130 | D:6      | Reached skill level 5 in Dodging
  5134 | D:6      | Reached skill level 11 in Unarmed Combat
  5431 | D:6      | Found a shimmering blue altar of Sif Muna.
  5607 | D:7      | Reached XP level 9. HP: 54/70 MP: 8/8
  5617 | D:7      | HP: 3/70 [killer bee (7)]
  5617 | D:7      | Slain by a gnoll bouda

Illustrated notes

Levels and vault maps discovered:
D:1:      dpeg_arrival_tiny_i, layout_basic, shapermc_ecumenical_altar_acropolis
D:2:      layout_basic, st_stairs_14, minmay_misc_feat_columns, hex_medium,
          kennysheep_big_empty_room, minmay_crystal_room
D:3:      layout_basic, mainiacjoe_overflow_catwalk
D:4:      layout_loops_ring, okawaru_gym_becter, lemuel_flame_loot_1,
          uniq_natasha
D:5:      layout_rooms, lemuel_zombie_altar_yredelemnul,
          cheibrodos_ashenzari_chains
D:6:      layout_gridville, nicolae_overflow_crystal_walls, serial_shops, shop
D:7:      layout_basic, jmf_multi_god_temple, minmay_temple_entry_nine_rooms

Skill      XL: |  1  2  3  4  5  6  7  8 |
---------------+-------------------------+-----
Unarmed Combat | 4 5 6 7 8 9 11 | 11.6
Dodging        | 3 4 5 |  5.0
Fighting       | |  3.2

Action                     |  1- 3 |  4- 6 |  7- 9 || total
---------------------------+-------+-------+-------++-------
  Melee: Unarmed           |    88 |   116 |   128 ||   332
    Use: Scroll            |       |       |     2 ||     2
 Armour: Robe              |     5 |       |       ||     5
         Ring mail         |    34 |    45 |    15 ||    94
         Scale mail        |       |       |    39 ||    39
  Dodge: Dodged            |    62 |    55 |    87 ||   204
